 Dungeon Crawl Stone Soup version 0.24.1-8-ga250c9d538 (webtiles) character file.

Game seed: 17732304336696071663, levelgen mode: deterministic

44 Peloso the Skirmisher (level 3, 29/29 HPs)
             Began as a Demonspawn Fighter on Apr 30, 2020.
             Got out of the dungeon alive.
             The game lasted 00:01:34 (775 turns).

Peloso the Skirmisher (Demonspawn Fighter)           Turns: 775, Time: 00:01:35

Health: 29/29      AC:  6    Str: 17    XL:     3   Next: 39%
Magic:  3/3        EV:  7    Int:  9    God:
Gold:   23         SH:  9    Dex: 12    Spells: 2/2 levels left

rFire    . . .     SeeInvis .   a - +0 long sword
rCold    . . .     Gourm    .   c - +0 shield
rNeg     . . .     Faith    .   b - +0 scale mail
rPois    .         Spirit   .   (no helmet)
rElec    .         Reflect  .   (no cloak)
rCorr    .         Harm     .   (no gloves)
MR       .....                  (no boots)
Stlth    ..........             (no amulet)
HPRegen  0.09/turn              (no ring)
MPRegen  0.08/turn              (no ring)

@: no status effects
A: claws 1, spiny 1
a: no special abilities


You escaped.
You were not hungry.

You visited 1 branch of the dungeon, and saw 1 of its levels.

You collected 23 gold pieces.

Inventory:

Hand Weapons
 a - a +0 long sword (weapon)
Armour
 b - a +0 scale mail (worn)
 c - a +0 shield (worn)
Scrolls
 g - a scroll of identify {unknown}
 h - a scroll of enchant weapon {unknown}
 i - a scroll of remove curse {unknown}
Potions
 d - a potion of might
 e - 2 potions of curing {unknown}
Comestibles
 f - 6 rations


   Skills:
 + Level 3.3 Fighting
 + Level 2.2 Long Blades
 + Level 3.2 Armour
 + Level 3.0 Shields


You had 2 spell levels left.
You didn't know any spells.
Your spell library was empty.

Dungeon Overview and Level Annotations

Branches:
Dungeon (1/15)

Altars:


Innate Abilities, Weirdness & Mutations

You have sharp fingernails.
You are partially covered in sharp spines.


Message History

The kobold shouts!
A kobold is nearby!
A kobold is nearby!
A kobold is nearby!
You completely miss the kobold. You block the kobold's attack.
The kobold is struck by your spines. The kobold hits you but does no damage.
You closely miss the kobold.
The kobold is severely wounded.
The kobold barely misses you.
You closely miss the kobold.
The kobold is severely wounded.
The kobold hits you but does no damage.
You slash the kobold!
You kill the kobold!
(D) Dungeon
Where to? (? - help)
What level of the Dungeon? (default 1, ? - help)
There is a staircase leading out of the dungeon here.
Are you sure you want to leave the Dungeon?
This will make you lose the game!
You have escaped!

.....#####.#.###### #.#
...#.......#.. ... #.#
..##############.######### #.#
##.♣ .................. #.# ...♣
..8...........8..8 #.. ...♣
÷................. #.. .#♣♣
÷...............÷. ♣.. .#
..8...........8..8 ♣.. .#
........@......... ♣.. .#
..8...........8..8 ♣.# .#♣♣
÷...............÷. ♣.# ...♣
÷...............÷. #.# .#.♣
..8...........8..8 #.# (..♣
.................. #.#
#.##############.##############..
......................>......)...
####+#.#.#############.########..


There were no monsters in sight!

Vanquished Creatures
  3 dart slugs (D:1)
  A leopard gecko (D:1)
  2 ball pythons (D:1)
  3 giant cockroaches (D:1)
  4 goblins (D:1)
  7 hobgoblins (D:1)
  2 bats (D:1)
  A frilled lizard (D:1)
  4 kobolds (D:1)
  5 rats (D:1)
32 creatures vanquished.

Notes
Turn   | Place    | Note
-------+----------+-------------------------------------------
     0 | D:1      | Peloso the Demonspawn Fighter began the quest for the Orb.
     0 | D:1      | Reached XP level 1. HP: 18/18 MP: 1/1
   364 | D:1      | Gained mutation: You have sharp fingernails. [demonic
                  | ancestry]
   364 | D:1      | Reached XP level 2. HP: 21/24 MP: 2/2
   599 | D:1      | Gained mutation: You are partially covered in sharp spines.
                  | [demonic ancestry]
   599 | D:1      | Reached XP level 3. HP: 26/29 MP: 3/3
   775 | D:$      | Got out of the dungeon alive.

Levels and vault maps discovered:
D:1:      giann_forest_graveyard, layout_basic

Skill      XL: |  1  2  3 |
---------------+----------+-----
Long Blades    | 2 |  2.2
Armour         | 3 |  3.2
Shields        | 3 |  3.0
Fighting       | |  3.3

Action                   || total
-------------------------++-------
Melee: Long sword        ||    85
  Use: Potion            ||     1
Armor: Scale mail        ||    38
Dodge: Dodged            ||    25
Block: Shield            ||    37
       Rpst.: Long sword ||     6
